 Dungeon Crawl Stone Soup version 0.29-a0-364-g921d912d32 (webtiles) character file.

Game seed: 9106527405325921532

435 spaghetti the Skirmisher (level 7, -4/54 HPs)
             Began as a Djinni Fighter on Apr 30, 2022.
             Slain by a bullfrog (6 damage)
             ... on level 4 of the Dungeon.
             The game lasted 00:08:37 (4767 turns).

spaghetti the Skirmisher (Djinni Fighter)           Turns: 4767, Time: 00:08:37

Health: -4/54      AC:  8    Str: 17    XL:     7   Next: 21%
Gold:   248        EV: 10    Int: 10    God:
                   SH:  4    Dex: 12

rFire   + + .      SeeInvis .   J - +1 short sword (venom) {short}
rCold   x . .      Faith    .   b - +0 buckler
rNeg    . . .      Spirit   .   a - +0 scale mail
rPois   ∞          Reflect  .   C - +0 helmet
rElec   .          Harm     .   (no cloak)
rCorr   +          Rampage  .   (no gloves)
Will    .....                   (boots unavailable)
Stlth   ..........              (no amulet)
HPRegen 0.18/turn               I - ring of resist corrosion
MPRegen 0.00/turn               (no ring)

@: mighty, flying
A: sickness immunity, fire resistance 2, cold vulnerability 1, float, innate
caster, HP casting, extra vitality 1
a: no special abilities


You were on level 4 of the Dungeon.
You visited 1 branch of the dungeon, and saw 4 of its levels.

You collected 248 gold pieces.


Innate Abilities, Weirdness & Mutations

You are immune to sickness and miasma.
You are immune to poison.
Your flesh is very heat resistant. (rF++)
You are vulnerable to cold. (rC-)
You float through the air rather than walking.
You learn spells naturally, not from books.
Your magical power is your life essence.
You have superior vitality. (+4 MHP)


   Skills:
 * Level 5.0 Fighting
 + Level 1.8 Throwing
 + Level 3.6 Armour
 * Level 4.3 Dodging
 - Level 3.0 Shields
 - Level 2.5 Unarmed Combat


You couldn't memorise any spells.
You knew the following spells:

 Your Spells              Type           Power      Damage    Failure   Level
a - Freeze                Ice            0%         1d3       86%         1
b - Poisonous Vapours     Pois/Air       0%         N/A       94%         2
c - Frozen Ramparts       Ice            0%         1d2       99%         3
Your spell library was empty.

Inventory:

Hand Weapons
 h - a +0 club {mace}
   (You took it off a kobold on level 1 of the Dungeon)
 i - a +0 club {mace}
   (You took it off a goblin on level 1 of the Dungeon)
 o - a +0 club {mace}
   (You took it off a goblin on level 1 of the Dungeon)
 r - a +0 spear {polearm}
   (You found it on level 1 of the Dungeon)
 u - a +2 dagger of venom {short}
   (You found it on level 2 of the Dungeon)
 D - a +0 dagger of holy wrath {short}
   (You took it off an orc on level 3 of the Dungeon)
 J - a +1 short sword of venom (weapon) {short}
   (You took it off a kobold on level 3 of the Dungeon)
Missiles
 k - 90 stones (quivered) {throwing}
 s - 5 poisoned darts {throwing}
Armour
 a - a +0 scale mail (worn)
 b - a +0 buckler (worn)
 B - the +0 robe of Jigsaw {-Cast rElec rCorr SInv}
   (You found it on level 3 of the Dungeon)

   rElec:     It insulates you from electricity.
   SInv:      It lets you see invisible.
   -Cast:     It prevents spellcasting.
   rCorr:     It protects you from acid and corrosion.
 C - a +0 helmet (worn)
   (You found it on level 3 of the Dungeon)
Jewellery
 t - a ring of magical power
   (You found it on level 1 of the Dungeon)
 v - a ring of protection from fire
   (You took it off a kobold on level 2 of the Dungeon)
 E - a ring of protection from fire
   (You found it on level 3 of the Dungeon)
 I - a ring of resist corrosion (left hand)
   (You found it on level 3 of the Dungeon)
Scrolls
 d - 3 scrolls of magic mapping {!r}
 e - 2 scrolls of amnesia
 j - a scroll of brand weapon {unknown}
 m - 2 scrolls of enchant weapon {unknown}
 n - a scroll of teleportation {unknown}
 q - 2 scrolls of identify {unknown}
 y - a scroll of holy word {unknown}
 F - a scroll of silence {unknown}
 G - a scroll of vulnerability {unknown}
 H - a scroll of fear {unknown}
Potions
 c - 3 potions of might
 f - a potion of degeneration {unknown}
 g - a potion of resistance {unknown}
 l - 2 potions of curing {unknown}
 p - 2 potions of berserk rage {unknown}
 w - a potion of heal wounds {unknown}
 x - a potion of mutation {unknown}
 z - a potion of attraction {unknown}
 A - a potion of haste {unknown}

Dungeon Overview and Level Annotations

Branches:
Dungeon (4/15)
 Temple: D:4-7

Altars:
Ashenzari
Sif Muna

..#..####.....(.(
#.....#..........
..............(........#.#
.......#.....(...........#
#.............#.........#
##...........#..........
.........g....#........#
........hF######.......##
.....#..##@...##........#
....##...#....##.....>..###
#.## #.....##.....##<.....#
. ##.........####.....##
#...##>.### #..#.##
######### ######


You could see a bullfrog (very poisoned), a hound and a goblin.


Message History

😨 HP[-1]
You take 1 damage, and now have 18/49 hp.
You hit the hound.
The hound is poisoned.
The hound barely misses you. x2
You hit the hound but do no damage.
The hound looks as sick as possible!
The hound bites you but does no damage.
The howler monkey hoots and howls with incredible vigour!
The hound bites you but does no damage.
You hear a shout! x2; You hear a bark!
You miss the hound.
You kill the hound!
Your Dodging skill increases to level 4!
You hit the ball python.
You kill the ball python! 😨 HP[+1]
You barely miss the iguana.
A ball python comes into view.
The howler monkey hoots and howls with incredible vigour!
The iguana bites you but does no damage.
The ball python hisses angrily.
You hear a loud, deep croak!
You hit the iguana but do no damage.
The iguana is poisoned.
The iguana completely misses you. You block the iguana's attack.
You hit the iguana.
The iguana looks even sicker.
The iguana bites you!
* * * LOW HITPOINT WARNING * * *
😱 HP[-7]
You take 7 damage, and now have 12/49 hp.
You closely miss the iguana. The iguana bites you.
* * * LOW HITPOINT WARNING * * *
😱 HP[-3]
You take 3 damage, and now have 9/49 hp.
You barely miss the iguana. You block the iguana's attack. 😱 HP[+1]
You hit the iguana.
The iguana looks as sick as possible!
You kill the iguana!
The howler monkey hoots and howls with incredible vigour!
You have reached level 7!
The power to cast Frozen Ramparts wells up from within.
Spell assigned to 'c'. 😱 HP[+1]
You now have 53 max hp (+4).
You barely miss the howler monkey. The howler monkey barely misses you.
You hit the howler monkey.
The howler monkey is poisoned.
The howler monkey barely misses you.
The howler monkey hits you but does no damage.
You hit the howler monkey but do no damage.
The howler monkey looks as sick as possible!
The howler monkey hoots and howls with incredible vigour!
You hear a loud, deep croak!
You hear a shout!
You hear a bark!
You barely miss the howler monkey.
You kill the howler monkey!
You block the ball python's attack. The ball python grabs you.
The ball python constricts you.
Your Fighting skill increases to level 5! 😱 HP[+1]
You now have 54 max hp (+1).
Unknown command.
You barely miss the ball python.
The ball python bites you but does no damage.
The ball python constricts you.
You barely miss the ball python.
The ball python bites you but does no damage.
The ball python constricts you.
You hit the ball python.
You kill the ball python!
You barely miss the gnoll. The gnoll hits you but does no damage.
You barely miss the gnoll. The gnoll barely misses you.
A bullfrog comes into view. 😱 HP[+1]
You barely miss the gnoll.
The gnoll hits you but does no damage. x2
You closely miss the gnoll. The gnoll hits you but does no damage.
A hound comes into view.
You barely miss the gnoll.
The hound barks!
The gnoll hits you but does no damage.
You hit the gnoll.
The gnoll is poisoned.
The gnoll hits you with a +0 whip.
* * * LOW HITPOINT WARNING * * *
😱 HP[-4]
You take 4 damage, and now have 9/54 hp.
You hit the gnoll but do no damage.
The gnoll looks as sick as possible!
You kill the gnoll!
The bullfrog closely misses you. 😱 HP[+1]
You hit the bullfrog.
The bullfrog is poisoned.
The bullfrog hits you.
* * * LOW HITPOINT WARNING * * *
You block the bullfrog's attack. 😱 HP[-4]
You take 4 damage, and now have 6/54 hp.
You barely miss the bullfrog.
The hound stops to sniff the ground.
The bullfrog hits you.
* * * LOW HITPOINT WARNING * * *
The bullfrog barely misses you. 😱 HP[-4]
You take 4 damage, and now have 2/54 hp.
You feel very mighty all of a sudden.
The bullfrog hits you but does no damage.
You puncture the bullfrog!
The bullfrog hits you but does no damage.
The bullfrog hits you.
You die...

Skill      XL: |  1  2  3  4  5  6  7 |
---------------+----------------------+-----
Dodging        | 1 2 3 4 |  4.3
Fighting       | 4 5 |  5.0
Throwing       | 1 |  1.8
Armour         | |  3.6
Shields        | |  3.0
Unarmed Combat | |  2.5

Action                   |  1- 3 |  4- 6 |  7- 9 || total
-------------------------+-------+-------+-------++-------
Melee: Unarmed           |    91 |       |       ||    91
       Dagger            |    23 |   262 |       ||   285
       Short sword       |       |    18 |    17 ||    35
Throw: Stone             |    30 |   148 |       ||   178
       Dart              |       |     1 |       ||     1
  Use: Scroll            |       |     2 |       ||     2
       Potion            |       |       |     1 ||     1
Armor: Scale mail        |    54 |   139 |    10 ||   203
Dodge: Dodged            |    65 |   165 |     5 ||   235
Block: Buckler           |    24 |    77 |     2 ||   103

Levels and vault maps discovered:
D:1:      lightli_arrival_flooded_house, layout_rooms, hangedman_decor_push
D:2:      layout_basic, hangedman_abyss_or_decor_stabs, minmay_misc_feat_room
D:3:      minmay_goblin_kobold_castle, layout_rooms,
          nicolae_ashenzari_panopticon, nicolae_overflow_hidden_temple,
          nicolae_sif_muna_condensation, grunt_ministairs_13, minmay_rat_hole
D:4:      layout_cave_pools, nemelex_dance_club_becter

Notes
Turn   | Place    | Note
-------+----------+-------------------------------------------
     0 | D:1      | spaghetti the Djinni Fighter began the quest for the Orb.
     0 | D:1      | Reached XP level 1. HP: 20/20 MP: 0/0
     0 | D:1      | magus.rc [v1.9.6]
   146 | D:1      | Reached XP level 2. HP: 25/25 MP: 0/0
   173 | D:1      | HP: 6/25 [quokka (3)]
   175 | D:1      | Reached skill level 1 in Dodging
   742 | D:1      | Reached XP level 3. HP: 29/30 MP: 0/0
   742 | D:1      | Learned a level 1 spell: Freeze
  1249 | D:2      | Reached skill level 2 in Dodging
  1324 | D:2      | Reached XP level 4. HP: 37/37 MP: 0/0
  1888 | D:2      | Noticed a scorpion
  1895 | D:2      | Killed a scorpion
  1896 | D:2      | Reached skill level 4 in Fighting
  1896 | D:2      | Reached XP level 5. HP: 37/41 MP: 0/0
  1896 | D:2      | Learned a level 2 spell: Poisonous Vapours
  2267 | D:3      | Reached skill level 3 in Dodging
  2393 | D:3      | Found a broken altar of Ashenzari.
  2488 | D:3      | Identified the +0 robe of Jigsaw {-Cast rElec rCorr SInv}
  2963 | D:3      | Reached skill level 1 in Throwing
  3551 | D:3      | Reached XP level 6. HP: 45/48 MP: 0/0
  4743 | D:4      | Reached skill level 4 in Dodging
  4746 | D:4      | HP: 12/49 [iguana (7)]
  4750 | D:4      | Reached XP level 7. HP: 11/53 MP: 0/0
  4750 | D:4      | Learned a level 3 spell: Frozen Ramparts
  4754 | D:4      | Reached skill level 5 in Fighting
  4762 | D:4      | HP: 9/54 [gnoll/+0 whip (4)]
  4765 | D:4      | HP: 2/54 [bullfrog (4)]
  4767 | D:4      | Slain by a bullfrog

Vanquished Creatures
  2 scorpions
  A howler monkey (D:4)
  A hound (D:4)
  An iguana (D:4)
  3 adders
  5 gnolls
  2 dart slugs (D:1)
  3 orcs (D:3)
  4 ball pythons
  2 endoplasms
  2 giant cockroaches
  29 goblins
  31 hobgoblins
  6 jackals (D:2)
  8 kobolds
  9 quokkas
  5 bats
  2 frilled lizards
  23 rats
139 creatures vanquished.

Table legend:
 A = Non-vault XP
 B = Vault XP
 C = Vault XP percentage of total XP
 D = Non-vault monster count
 E = Vault monster count
 F = Vault count percentage of total count
                 A         B        C        D         E       F
            +---------+---------+-------+---------+---------+-------
      Total |     460 |     162 |  26.0 |      69 |      70 |  50.4
            +---------+---------+-------+---------+---------+-------
        D:1 |      36 |       0 |   0.0 |      18 |       0 |   0.0
        D:2 |     153 |       0 |   0.0 |      29 |       0 |   0.0
        D:3 |      42 |     162 |  79.4 |      15 |      70 |  82.4
        D:4 |     229 |       0 |   0.0 |       7 |       0 |   0.0
            +---------+---------+-------+---------+---------+-------

Illustrated notes

Table legend:
 A = Kills in this place as a percentage of kills in entire the game.
 B = Kills by you in this place as a percentage of kills by you in the entire game.
 C = Kills by friends in this place as a percentage of kills by friends in the entire game.
 D = Other kills in this place as a percentage of other kills in the entire game.
 E = Experience gained in this place as a percentage of experience gained in the entire game.
 F = Experience gained in this place divided by the number of levels of this place that you have seen.
                   A       B       C       D       E      F
               +-------+-------+-------+-------+-------+----------------------
         Total | 100.0 | 100.0 |   N/A |   N/A | 100.0 | 155.5
       Dungeon | 100.0 | 100.0 |   N/A |   N/A | 100.0 | 155.5
               +-------+-------+-------+-------+-------+----------------------

Table legend: (Time is in decaauts)
 A = Elapsed time spent in this place.
 B = Non-inter-level travel time spent in this place.
 C = Inter-level travel time spent in this place.
 D = Time resting spent in this place.
 E = Time spent auto-exploring this place.
 F = Levels seen in this place.
 G = Mean time per level.
                   A        B        C        D        E       F      G
               +--------+--------+--------+--------+--------+-----+--------+
         Total |   4800 |   4669 |    131 |   1458 |   2299 |   4 | 1200.0 |
       Dungeon |   4800 |   4669 |    131 |   1458 |   2299 |   4 | 1200.0 |
               +--------+--------+--------+--------+--------+-----+--------+

Top non-repeatable levels by time:
     D:3: 2384 daAuts
     D:2: 1219 daAuts
     D:1: 1119 daAuts
     D:4: 76 daAuts
